 Dungeon Crawl Stone Soup version 0.17.0-24-gcfadda4 (console) character file.

5136 nht the Severer (level 10, -6/74 HPs)
             Began as a Minotaur Hunter on Nov 16, 2015.
             Was a High Priest of Okawaru.
             Killed by Ozocubu's Refrigeration
             ... invoked by Fannar
              (19 damage)
             ... on level 10 of the Dungeon.
             The game lasted 00:21:22 (9620 turns).

nht the Severer (Minotaur Hunter)                   Turns: 9620, Time: 00:21:22

Health: -6/74      AC:  6    Str: 25      XL:     10   Next: 33%
Magic:  0/0        EV: 12    Int: 17      God:    Okawaru [*****.]
Gold:   378        SH:  0    Dex: 10 (11) Spells: 0 memorised, 9 levels left

rFire  + . .     SeeInvis .     a - +0 war axe
rCold  . . .     Clarity  .     I - +0 troll leather armour
rNeg   . . .     SustAt   .     (no shield)
rPois  .         Gourm    .     (helmet restricted)
rElec  +         Spirit   .     (no cloak)
rCorr  .         Warding  .     (no gloves)
rMut   .         Stasis   .     G - +1 pair of boots
MR     +....                    (no amulet)
Stlth  +.........               i - ring of protection from magic
                                r - ring of Gedirogira {rElec rF+ MP-9 Int+4}

@: mighty, brilliant, somewhat resistant to hostile enchantments, very
unstealthy
A: retaliatory headbutt, horns 2
a: Heroism, Finesse, Renounce Religion


You were on level 10 of the Dungeon.
You worshipped Okawaru.
Okawaru was extremely pleased with you.
You were not hungry.

You visited 2 branches of the dungeon, and saw 11 of its levels.

You collected 378 gold pieces.

Inventory:

Hand Weapons
 a - a +0 war axe (weapon)
 b - a +1 hand crossbow
 l - a +1 hand axe of flaming
 v - a +0 blowgun
Missiles
 w - 6 curare-tipped needles
 D - 19 bolts of flame
 F - 45 bolts
Armour
 G - a +1 pair of boots (worn)
 I - a +0 troll leather armour (worn)
Jewellery
 g - an uncursed ring of protection from fire
 i - a ring of protection from magic (right hand)
 r - the ring of Gedirogira (left hand) {rElec rF+ MP-9 Int+4}
   (You found it on level 10 of the Dungeon)

   [ring of intelligence]

   It affects your intelligence (+4).
   It protects you from fire.
   It insulates you from electricity.
   It affects your magic capacity (-9).
 y - an uncursed ring of flight
Wands
 u - a wand of confusion (28)
 E - a wand of fire (0)
Scrolls
 h - 4 scrolls of identify
 k - 2 scrolls of remove curse
 m - 3 scrolls of magic mapping
 q - a scroll of teleportation
 x - a scroll of amnesia
 A - 2 scrolls of blinking
 J - a scroll of recharging
Potions
 d - 3 potions of cancellation
 f - a potion of might
 n - a potion of flight
 o - 3 potions of curing
 p - 2 potions of lignification
 s - 2 potions of agility
Comestibles
 c - a slice of pizza
 e - 12 bread rations
 j - a chunk of flesh
 z - 2 meat rations
 C - 6 beef jerkies
 H - 2 fruits


   Skills:
 - Level 2.4 Fighting
 + Level 15.5 Axes
 - Level 8.3 Crossbows
 - Level 2.1 Dodging
 - Level 0.7 Stealth


You had 9 spell levels left.
You didn't know any spells.

Dungeon Overview and Level Annotations

Branches:
Dungeon (10/15)            Temple (1/1) D:4
   Lair: D:8-11         Orc: D:9-12

Altars:
Ashenzari
Cheibriados
Dithmenos
Elyvilon
Fedhas
Gozag
Kikubaaqudgha
Makhleb
Nemelex Xobeh
Okawaru
Qazlal
Ru
Sif Muna
Trog
Vehumet
Xom
Yredelemnul
Zin
The Shining One

Shops:
D:5 (   D:6 *

Annotations:
D:10 Fannar


Innate Abilities, Weirdness & Mutations

You reflexively headbutt those who attack you in melee.
You have a pair of horns on your head.


Message History

Fannar is severely wounded.
Fannar gestures wildly while chanting.
Fannar blinks!
Drink which item? (? for menu, Esc to quit)
You feel better. Fannar hits you but does no damage. Fannar blocks your attack.
Fannar is severely wounded.
Fannar hits you with a quarterstaff of freezing.
* * * LOW HITPOINT WARNING * * *
Fannar freezes you.
* * * LOW HITPOINT WARNING * * *
You closely miss Fannar.
Fannar is severely wounded.
Fannar blocks your attack.
Your headbutt misses Fannar.
Fannar is severely wounded.
Fannar mumbles some strange words.
Fannar drains the heat from the surrounding environment!
You feel very cold.
You die... ................ ██.█ █......... ...█ █..........█ ████

█..........█ █
█..........█ .█
███████........... ..█
))......████████.█ █.█
███████.█ █.█ █.█ █ █.█
█.█ █.█ █ █.█ █.█ █.█ █
█.█ █@█████.█
███████.████████.e.....█
.................█████)█
............(....█ █.█
..........<......█ █.█
.................█ █.█
.................█ █.█
.................█████=█
.......................█
........████████.█████.█
........█ █.█ █.█


You could see Fannar.

Vanquished Creatures
  Pikel (D:4)
  A troll (D:10)
  Grinder (D:4)
  2 yaks (D:9)
  A wraith (D:9)
  A water moccasin (D:6)
  3 phantoms
  3 slaves
  2 black bears (D:6)
  A sky beast (D:7)
  2 necrophages (D:9)
  7 ogres
  2 centaurs
  4 ice beasts
  Blork the orc (D:4)
  A big kobold (D:9)
  3 giant frogs
  A water moccasin zombie (D:8)
  2 electric eels (D:9)
  3 wights (D:6)
  3 centaur zombies
  2 quasits
  3 crimson imps
  2 jellies
  3 orc priests
  A giant frog skeleton (D:8)
  3 hounds
  Jessica (D:3)
  6 orc wizards
  6 worker ants
  An iguana (D:7)
  2 hound skeletons
  A worker ant zombie (D:7)
  3 gnolls (D:3)
  A shadow imp (D:6)
  10 adders
  5 white imps (D:9)
  An ufetubus (D:9)
  2 adder skeletons
  4 worms
  6 giant geckos
  29 orcs
  3 ball pythons
  A bat zombie (D:2)
  8 giant cockroaches
  5 goblins
  9 hobgoblins
  8 quokkas
  9 bats
  A giant cockroach zombie (D:2)
  A giant gecko skeleton (D:2)
  2 giant newts
  2 gnoll zombies (D:8)
  12 jackals
  7 kobolds
  3 quokka skeletons (D:4)
  A quokka zombie (D:2)
  5 rats
214 creatures vanquished.

Vanquished Creatures (others)
  A slave (D:4)
  A kobold (D:2)
2 creatures vanquished.

Grand Total: 216 creatures vanquished

Notes
Turn   | Place    | Note
--------------------------------------------------------------
     0 | D:1      | nht the Minotaur Hunter began the quest for the Orb.
     0 | D:1      | Reached XP level 1. HP: 18/18 MP: 0/0
   154 | D:1      | Reached XP level 2. HP: 25/25 MP: 1/1
   233 | D:1      | Reached skill level 5 in Crossbows
   912 | D:2      | Found a white marble altar of Elyvilon.
  1003 | D:2      | Reached XP level 3. HP: 27/30 MP: 2/2
  1052 | D:2      | Found a deep blue altar of Sif Muna.
  1325 | D:2      | Reached skill level 6 in Crossbows
  1565 | D:3      | Reached XP level 4. HP: 37/37 MP: 3/3
  1801 | D:3      | Noticed Jessica
  1807 | D:3      | Killed Jessica
  1807 | D:3      | Reached skill level 7 in Crossbows
  1807 | D:3      | Reached XP level 5. HP: 42/42 MP: 4/4
  1830 | D:3      | Identified Jessica's Compendium of the Oath
  2232 | D:4      | Found a staircase to the Ecumenical Temple.
  2243 | Temple   | Entered the Ecumenical Temple
  2317 | Temple   | Became a worshipper of Warmaster Okawaru
  2383 | D:4      | Noticed a slave
  2424 | D:4      | Noticed a phantom
  2442 | D:4      | Killed a phantom
  2442 | D:4      | Reached skill level 8 in Crossbows
  2442 | D:4      | Reached XP level 6. HP: 42/50 MP: 5/5
  2471 | D:4      | Noticed Grinder
  2517 | D:4      | Noticed a slave
  2517 | D:4      | Noticed a slave
  2517 | D:4      | Noticed a slave
  2547 | D:3      | Killed a slave
  2560 | D:3      | Killed a slave
  2913 | D:4      | Reached * piety under Okawaru
  2954 | D:5      | Entered Level 5 of the Dungeon
  3035 | D:4      | Noticed Pikel
  3061 | D:4      | Killed a slave
  3225 | D:4      | Killed Pikel
  3225 | D:4      | Reached ** piety under Okawaru
  3225 | D:4      | Reached XP level 7. HP: 28/56 MP: 6/6
  3242 | D:4      | Noticed an ogre
  3494 | D:5      | Found an ancient bone altar of Kikubaaqudgha.
  3720 | D:5      | Found a bloodstained altar of Trog.
  3754 | D:5      | Reached XP level 8. HP: 62/62 MP: 7/7
  3796 | D:5      | Found Jiny's Weapon Emporium.
  3959 | D:5      | Found a radiant altar of Vehumet.
  4178 | D:4      | Noticed a centaur
  4182 | D:4      | Killed a centaur
  4281 | D:4      | Found a glowing golden altar of the Shining One.
  4406 | D:4      | Killed a freed slave
  4465 | D:4      | Noticed Blork the orc
  4503 | D:4      | Killed Grinder
  4503 | D:4      | Reached skill level 9 in Axes
  4554 | D:4      | Killed Blork the orc
  4659 | D:4      | Killed an ogre
  4659 | D:4      | Reached *** piety under Okawaru
  4659 | D:4      | Reached skill level 10 in Axes
  4874 | D:6      | Reached skill level 11 in Axes
  4923 | D:6      | Reached XP level 9. HP: 54/68 MP: 8/8
  5037 | D:6      | Found Zaten's Serpentskin Sales.
  5050 | D:6      | Reached **** piety under Okawaru
  5050 | D:6      | Reached skill level 12 in Axes
  6502 | D:7      | Reached skill level 13 in Axes
  7602 | D:8      | Found a basalt altar of Yredelemnul.
  7715 | D:8      | Reached skill level 14 in Axes
  8476 | D:9      | Reached XP level 10. HP: 46/74 MP: 9/9
  8565 | D:9      | Reached ***** piety under Okawaru
  8823 | D:9      | Reached skill level 15 in Axes
  9128 | D:9      | Found a sparkling altar of Nemelex Xobeh.
  9381 | D:10     | Entered Level 10 of the Dungeon
  9552 | D:10     | Got a fine lapis lazuli ring
  9553 | D:10     | Identified the ring of Gedirogira {rElec rF+ MP-9 Int+4} (You found it on level 10 of the Dungeon)
  9557 | D:10     | Received a gift from Okawaru
  9576 | D:10     | Noticed Fannar
  9584 | D:10     | lel
  9620 | D:10     | Killed from afar by Fannar

Action                   |  1- 3 |  4- 6 |  7- 9 | 10-12 || total
-------------------------+-------+-------+-------+-------++-------
Melee: War axe           |       |    31 |   280 |   113 ||   424
       Flail             |       |    20 |       |       ||    20
 Fire: Hand crossbow     |    93 |    84 |    64 |    17 ||   258
Invok: Heroism           |       |       |       |     1 ||     1
Evoke: Wand              |       |    13 |    10 |     7 ||    30
  Use: Scroll            |       |     4 |    11 |     2 ||    17
       Potion            |       |     4 |       |     4 ||     8
  Eat: Chunk             |     1 |     6 |    16 |     4 ||    27
       Fruit             |       |       |       |     1 ||     1
